 Dungeon Crawl Stone Soup version 0.27-a0-679-g77a6b55cf3 (webtiles) character file.

Game seed: 9259802629308131020

34 BattleRest the Chiller (level 3, 0/25 HPs)
             Began as a Merfolk Ice Elementalist on Mar 18, 2021.
             Slain by an adder (3 damage)
             ... on level 2 of the Dungeon on May 30, 2021.
             The game lasted 00:07:26 (1294 turns).

BattleRest the Chiller (Merfolk Ice Elementalist)   Turns: 1294, Time: 00:07:27

Health: 0/25       AC:  2    Str:  8    XL:     3   Next: 31%
Magic:  6/6        EV: 13    Int: 15    God:
Gold:   123        SH:  0    Dex: 14    Spells: 0/6 levels left

rFire    . . .     SeeInvis .   b - +0 club
rCold    . . .     Faith    .   (no shield)
rNeg     . . .     Spirit   .   a - +0 robe
rPois    .         Reflect  .   (no helmet)
rElec    .         Harm     .   (no cloak)
rCorr    .         Rampage  .   (no gloves)
Will     .....                  (no boots)
Stlth    ++........             (no amulet)
HPRegen  0.08/turn              (no ring)
MPRegen  0.10/turn              (no ring)

@: lethally poisoned (0 -> -6)
A: (nimble swimmer 2), mertail
a: no special abilities


You were on level 2 of the Dungeon.
You visited 1 branch of the dungeon, and saw 2 of its levels.

You collected 123 gold pieces.

Inventory:

Hand Weapons
 b - a +0 club (weapon)
Armour
 a - a +0 robe (worn)
Jewellery
 d - a ring of protection from fire
Scrolls
 c - a scroll of noise {unknown}
 e - a scroll of teleportation {unknown}


   Skills:
 + Level 0.8 Fighting
 + Level 3.1 Dodging
 + Level 2.5 Stealth
 + Level 2.3 Spellcasting
 + Level 4.8 Ice Magic


You couldn't memorise any spells.
You knew the following spells:

 Your Spells              Type           Power      Damage    Failure   Level
a - Freeze                Ice            64%        1d8       3%          1
b - Ozocubu's Armour      Ice            16%        N/A       9%          3
c - Blink                 Tloc           N/A        N/A       32%         2

Your spell library contained the following spells:

 Spells                   Type           Power      Damage    Failure   Level
 Frozen Ramparts          Ice            32%        1d5       9%          3
 Confusing Touch          Hex            1%         N/A       54%         3
 Gell's Gravitas          Tloc           0%         N/A       54%         3
 Lesser Beckoning         Tloc           0%         N/A       54%         3
 Teleport Other           Tloc           1%         N/A       54%         3
 Hailstorm                Conj/Ice       9%         3d4       61%         4
 Summon Ice Beast         Ice/Summ       9%         N/A       61%         4
 Manifold Assault         Tloc           1%         N/A       91%         4
 Petrify                  Tmut/Erth      1%         N/A       91%         4
 Metabolic Englaciation   Hex/Ice        4%         N/A       91%         5
 Yara's Violent Unravell  Hex/Tmut       0%         3d3       99%         5


Dungeon Overview and Level Annotations

Branches:
Dungeon (2/15)

Altars:
Cheibriados


Innate Abilities, Weirdness & Mutations

((You are quick and stealthy while swimming. (Stealth+, EV+, Speed+++)))
Your lower body shifts to a powerful aquatic tail in water.


Message History

The leopard gecko bites you.
You barely miss the leopard gecko.
The leopard gecko is severely wounded.
The leopard gecko bites you. x2
You barely miss the leopard gecko.
The leopard gecko is severely wounded.
The leopard gecko hisses menacingly.
The leopard gecko bites you. The leopard gecko misses you.
You hit the leopard gecko.
You kill the leopard gecko!
Found a scroll labelled DIKAGOFROE.
e - a scroll labelled DIKAGOFROE An adder comes into view.
You hit the adder but do no damage. The adder closely misses you.
You hit the adder.
The adder is moderately wounded.
The adder barely misses you. The adder completely misses you.
You closely miss the adder.
The adder is moderately wounded.
The adder barely misses you. The adder closely misses you.
You hit the adder.
The adder is heavily wounded.
The adder bites you but does no damage. The adder bites you.
You barely miss the adder.
The adder is moderately wounded.
The adder bites you.
* * * LOW HITPOINT WARNING * * *
You are lethally poisoned!
The adder poisons you!
You completely miss the adder.
The adder is moderately wounded.
* * * LOW HITPOINT WARNING * * *
You feel sick. The adder bites you.
* * * LOW HITPOINT WARNING * * *
The adder misses you.
You hit the adder.
The adder is severely wounded.
* * * LOW HITPOINT WARNING * * *
You feel sick. The adder bites you.
You die...

#. #. #. #. #.
#. ###S## #.
#...@#
##.###.#..###
............#
..........#.#
#.........#.#
..#
#..#...#..#.#
#.#
#..###....#.###
#.#
#..##.........#
#.#
#..###....#.#.#


You could see an adder.

Vanquished Creatures
  3 dart slugs (D:1)
  2 leopard geckos (D:2)
  2 bats (D:1)
  3 goblins (D:1)
  2 hobgoblins
  6 kobolds (D:1)
  3 quokkas (D:1)
  3 frilled lizards
24 creatures vanquished.

Notes
Turn   | Place    | Note
-------+----------+-------------------------------------------
     0 | D:1      | BattleRest the Merfolk Ice Elementalist began the quest for
                  | the Orb.
     0 | D:1      | Reached XP level 1. HP: 13/13 MP: 3/3
     2 | D:1      | Noticed a centaur
     2 | D:1      | Noticed a demigod
     4 | D:1      | Noticed a formicid
     6 | D:1      | Noticed a dwarf
     6 | D:1      | Noticed a spriggan
     8 | D:1      | Noticed a ghoul
     8 | D:1      | Noticed a merfolk
    10 | D:1      | Noticed a draconian
    12 | D:1      | Noticed an octopode
    14 | D:1      | Noticed a vampire
    14 | D:1      | Noticed a tengu
    16 | D:1      | Noticed a minotaur
    16 | D:1      | Noticed a felid
    18 | D:1      | Noticed a human
    18 | D:1      | Noticed a vine stalker
    20 | D:1      | Noticed a troll
    22 | D:1      | Noticed an ogre
    22 | D:1      | Noticed a naga
    24 | D:1      | Noticed an elf
    24 | D:1      | Noticed a halfling
    26 | D:1      | Noticed a gargoyle
    26 | D:1      | Noticed a demonspawn
   152 | D:1      | Reached XP level 2. HP: 16/19 MP: 1/5
   821 | D:1      | Reached XP level 3. HP: 25/25 MP: 3/6
   825 | D:1      | Learned a level 3 spell: Ozocubu's Armour
   828 | D:1      | Learned a level 2 spell: Blink
   879 | D:1      | Found a snail-covered altar of Cheibriados.
  1294 | D:2      | Slain by an adder

Illustrated notes

Levels and vault maps discovered:
D:1:      kb_arrival_jail, layout_loops_ring, corexii_hall_statues_deadend,
          cheibriados_altar_1
D:2:      minmay_wonky_spiral, layout_basic, uniq_natasha

Skill      XL: |  1  2 |
---------------+-------+-----
Dodging        | 3 |  3.1
Fighting       | |  0.8
Stealth        | |  2.5
Spellcasting   | |  2.3
Ice Magic      | |  4.8

Action                   || total
-------------------------++-------
Melee: Club              ||    18
 Cast: Freeze            ||    35
       Blink             ||     1
       Ozocubu's Armour  ||     1
Armor: Robe              ||     5
Dodge: Dodged            ||    30

Table legend: (Time is in decaauts)
 A = Elapsed time spent in this place.
 B = Non-inter-level travel time spent in this place.
 C = Inter-level travel time spent in this place.
 D = Time resting spent in this place.
 E = Time spent auto-exploring this place.
 F = Levels seen in this place.
 G = Mean time per level.
                   A        B        C        D        E       F      G
               +--------+--------+--------+--------+--------+-----+--------+
         Total |   1298 |   1280 |     18 |    317 |    707 |   2 |  649.0 |
       Dungeon |   1298 |   1280 |     18 |    317 |    707 |   2 |  649.0 |
               +--------+--------+--------+--------+--------+-----+--------+

Top non-repeatable levels by time:
     D:1: 1154 daAuts
     D:2: 144 daAuts
